 Dungeon Crawl Stone Soup version 0.32-a0-747-gc8563f6773 (webtiles) character file.

Game seed: 15528263039383043472

553563 hikkokomori the Slayer (level 26, -21/224 HPs)
             Began as a Coglin Hunter on Mar 17, 2024.
             Was an Elder of Okawaru.
             Demolished by an acid blob (26 damage)
             ... created by the Royal Jelly
             ... in the Arena.
             The game lasted 03:13:40 (53352 turns).

hikkokomori the Slayer (Coglin Hunter)             Turns: 53352, Time: 03:13:40

Health: -21/224    AC: 12    Str: 17    XL:     26   Next: 39%
Magic:  27/36      EV: 35    Int: 11    God:    Okawaru [****..]
Gold:   6856       SH:  0    Dex: 27    Spells: 7/43 levels left

rFire   . . .        n - +5 hand cannon (freeze) {Astrid}
rCold   . . .        Y - +6 hand cannon of Seostap {elec, Str+3}
rNeg    . . .        X - +4 leather armour of Wu Jian's Inspiration {*Slow rElec Str+2 Slay+2}
rPois   .            S - +2 helmet {SInv}
rElec   +            T - scarf {repulsion}
rCorr   .            d - +3 pair of gauntlets of War {Slay+5}
SInv    +            M - +1 pair of boots
Will    +....        (amulet unavailable)
Stlth   ++++         (ring unavailable)
HPRegen 1.37/turn    (ring unavailable)
MPRegen 0.65/turn    y - actuated thermodynamo {rElec Regen+ RegenMP+ Slay+3}

%: slow self (1%), repel missiles
@: heroic, finesse-ful, corroded, on blink cooldown, slowed, studying 3 skills,
invisible, duelling, revving, very slow
A: off-hand wielding, slow wielding, warmup strikes, no jewellery
}: 3/15 runes: serpentine, barnacled, silver
a: Renounce Religion, Heroism, Finesse


You were in the Arena.
You worshipped Okawaru.
Okawaru was greatly pleased with you.
You visited 11 branches of the dungeon, and saw 51 of its levels.
You visited the Abyss 1 time.
You also visited: Ossuary, Bailey, Gauntlet, Ice Cave and Desolation.

You collected 9676 gold pieces.
You spent 2820 gold pieces at shops.

Inventory:

Hand Weapons
 a - a +2 double sword of freezing
 n - a +5 hand cannon of freezing (weapon) {Astrid}
 Y - the +6 hand cannon of Seostap (offhand) {elec, Str+3}
   (Okawaru gifted it to you on level 1 of the Shoals)

   Str+3:     It affects your strength (+3).
Missiles
 h - 5 throwing nets
 G - 25 curare-tipped darts
 J - 35 atropa-tipped darts
Armour
 c - +0 swamp dragon scales
 d - the +3 pair of gauntlets of War (worn) {Slay+5}
   (You found it in a Gauntlet)

   Slay+5:    It affects your accuracy & damage with ranged weapons and melee
   (+5).
 t - a +0 chain mail of poison resistance
 K - a +0 cloak of willpower
 M - a +1 pair of boots (worn)
 S - a +2 helmet of see invisible (worn)
 T - a scarf of repulsion (worn)
 X - the +4 leather armour of Wu Jian's Inspiration (worn) {*Slow rElec Str+2 Slay+2}
   (You found it on level 13 of the Dungeon)

   Str+2:     It affects your strength (+2).
   Slay+2:    It affects your accuracy & damage with ranged weapons and melee
   (+2).
   rElec:     It insulates you from electricity.
   *Slow:     It may slow you when you take damage.
Gizmo
 y - an actuated thermodynamo (installed) {rElec Regen+ RegenMP+ Slay+3}
   (You invented it yourself on level 4 of the Lair of Beasts)

   [actuated thermodynamo]

   Slay+3:    It affects your accuracy & damage with ranged weapons and melee
   (+3).
   rElec:     It insulates you from electricity.
   Regen+:    It increases your rate of health regeneration.
   RegenMP+:  It increases your rate of magic regeneration.
Wands
 r - a wand of mindburst (17)
 s - a wand of roots (32)
 u - a wand of acid (16)
 x - a wand of flame (91)
 F - a wand of digging (15)
 L - a wand of polymorph (23)
Scrolls
 b - 3 scrolls of brand weapon
 g - 10 scrolls of teleportation
 i - 2 scrolls of revelation
 k - 4 scrolls of fear
 p - 6 scrolls of blinking
 q - 7 scrolls of poison
 A - 6 scrolls of fog
 I - 3 scrolls of silence
 O - 2 scrolls of amnesia
 P - 7 scrolls of vulnerability
 R - 17 scrolls of identify
 U - 2 scrolls of torment
 V - 4 scrolls of immolation
Potions
 f - 7 potions of attraction
 j - 6 potions of haste
 m - 4 potions of ambrosia
 o - 10 potions of mutation
 v - 11 potions of heal wounds
 w - 18 potions of curing
 z - 3 potions of invisibility
 B - 6 potions of enlightenment
 C - 4 potions of resistance
 D - 7 potions of brilliance
 H - a potion of lignification
 N - 4 potions of magic
 Q - 11 potions of might
 W - 4 potions of cancellation
 Z - a potion of berserk rage
Miscellaneous
 e - a phial of floods
 l - a lightning rod (4/4)
 E - a tin of tremorstones (1/2)


   Skills:
 - Level 22.0(27) Fighting
 + Level 21.0(26.0) Ranged Weapons
 - Level 4.0(9.0) Throwing
 - Level 10.0(15.0) Armour
 + Level 18.9(23.9) Dodging
 - Level 3.0(8.0) Stealth
 - Level 9.1 Spellcasting
 - Level 7.0 Hexes
 - Level 5.0 Necromancy
 + Level 9.7 Translocations
 - Level 2.0 Fire Magic
 - Level 2.0 Ice Magic
 - Level 5.0 Air Magic
 - Level 5.0 Alchemy
 - Level 13.0 Invocations
 - Level 20.1 Evocations


You had 7 spell levels left.
You knew the following spells:

 Your Spells              Type           Power      Damage    Failure   Level
a - Mephitic Cloud        Conj/Alch/Air  12%        N/A       12%         3
b - Irradiate             Conj/Alch      5%         3d13      83%         5
c - Blink                 Tloc           52%        N/A       1%          2
d - Apportation           Tloc           52%        N/A       1%          1
e - Teleport Other        Tloc           26%        N/A       1%          3
f - Fugue of the Fallen   Necr           16%        N/A       6%          3
g - Dimensional Bullseye  Hex/Tloc       11%        N/A       4%          4
h - Inner Flame           Hex/Fire       14%        N/A       8%          3
i - Ozocubu's Armour      Ice            9%         N/A       21%         3
j - Swiftness             Air            16%        N/A       6%          3
k - Dispersal             Tloc           13%        N/A       41%         6

Your spell library contained the following spells:

 Spells                   Type           Power      Damage    Failure   Level
 Slow                     Hex            80%        N/A       1%          1
 Jinxbite                 Hex            40%        N/A       1%          2
 Lesser Beckoning         Tloc           52%        N/A       1%          2
 Gell's Gravitas          Tloc           26%        N/A       1%          3
 Confusing Touch          Hex            20%        N/A       2%          3
 Sigil of Binding         Hex            20%        N/A       2%          3
 Cigotuvi's Dreadful Rot  Necr/Alch/Air  32%        N/A       3%          2
 Ensorcelled Hibernation  Hex/Ice        28%        N/A       3%          2
 Mercury Vapours          Alch/Air       32%        N/A       3%          2
 Momentum Strike          Conj/Tloc      30%        3d8       3%          2
 Sublimation of Blood     Necr           16%        N/A       3%          2
 Manifold Assault         Tloc           26%        N/A       3%          4
 Volatile Blastmotes      Fire/Tloc      34%        2d12      4%          3
 Shock                    Conj/Air       40%        1d5       5%          1
 Sting                    Conj/Alch      40%        1d5       5%          1
 Vampiric Draining        Necr           16%        2d7       6%          3
 Freeze                   Ice            36%        1d5       7%          1
 Vhi's Electric Charge    Tloc/Air       42%        N/A       8%          4
 Cause Fear               Hex            10%        N/A       9%          4
 Foxfire                  Conj/Fire      28%        2x1d5     11%         1
 Dazzling Flash           Conj/Hex       24%        N/A       11%         3
 Anguish                  Hex/Necr       9%         N/A       13%         4
 Magic Dart               Conj           20%        1d4       16%         1
 Frozen Ramparts          Ice            18%        1d3       21%         3
 Airstrike                Air            8%         2d(2-18)  21%         4
 Dispel Undead            Necr           16%        3d10      21%         4
 Olgreb's Toxic Radiance  Alch           16%        N/A       21%         4
 Iskenderun's Mystic Bla  Conj/Tloc      15%        2d5       22%         4
 Searing Ray              Conj           10%        2d4       24%         2
 Hailstorm                Conj/Ice       7%         3d5       30%         3
 Ignite Poison            Fire/Alch      12%        N/A       36%         4
 Sticky Flame             Fire/Alch      12%        2d5       36%         4
 Silence                  Hex/Air        9%         N/A       36%         5
 Stone Arrow              Conj/Erth      10%        3d7       43%         3
 Fulminant Prism          Conj/Alch      5%         3d6       50%         4
 Leda's Liquefaction      Alch/Erth      5%         N/A       50%         4
 Petrify                  Alch/Erth      10%        N/A       50%         4
 Alistair's Intoxication  Alch           10%        N/A       50%         5
 Curse of Agony           Necr           16%        N/A       50%         5
 Flame Wave               Conj/Fire      7%         2d5       71%         4
 Brom's Barrelling Bould  Conj/Erth      5%         2d3       83%         4
 Arcjolt                  Conj/Air       5%         1d15      83%         5
 Borgnjor's Vile Clutch   Necr/Erth      5%         N/A       83%         5
 Freezing Cloud           Conj/Ice/Air   5%         6-21      86%         5
 Fireball                 Conj/Fire      3%         3d4       96%         5
 Eringya's Noxious Bog    Alch           8%         4d6       97%         6
 Iskenderun's Battlesphe  Conj           5%         2d6       99%         5
 Lee's Rapid Deconstruct  Erth           2%         3d5*      99%         5
 Plasma Beam              Fire/Air       6%         2x1d16    99%         6
 Bombard                  Conj/Erth      2%         9d1       100%        6
 Conjure Ball Lightning   Conj/Air       5%         3x3d6     100%        6
 Permafrost Eruption      Ice/Erth       3%         2x4d2     100%        6
 Starburst                Conj/Fire      3%         6d3       100%        6
 Orb of Destruction       Conj           2%         9d5       100%        7
 Ozocubu's Refrigeration  Ice            4%         4d8       100%        7
 Borgnjor's Revivificati  Necr           8%         N/A       100%        8
 Discord                  Hex            10%        N/A       100%        8
 Disjunction              Tloc           13%        N/A       100%        8
 Ignition                 Fire           4%         3d4       100%        8
 Death's Door             Necr           8%         N/A       100%        9
 Polar Vortex             Ice            4%         N/A       100%        9
 Tukima's Dance           Hex            Unusable   N/A       N/A         3
 Call Imp                 Summ           Unusable   N/A       N/A         2
 Summon Ice Beast         Ice/Summ       Unusable   N/A       N/A         3
 Call Canine Familiar     Summ           Unusable   N/A       N/A         3
 Martyr's Knell           Necr/Summ      Unusable   N/A       N/A         4
 Summon Blazeheart Golem  Fire/Summ      Unusable   N/A       N/A         4
 Animate Armour           Summ/Erth      Unusable   N/A       N/A         4
 Sculpt Simulacrum        Ice/Alch       Unusable   N/A       N/A         6
 Haunt                    Necr/Summ      Unusable   N/A       N/A         7
 Spellforged Servitor     Conj/Summ      Unusable   N/A       N/A         7
 Summon Hydra             Summ           Unusable   N/A       N/A         7
 Dragon's Call            Summ           Unusable   N/A       N/A         9

Dungeon Overview and Level Annotations

Branches:
Dungeon (15/15)            Temple (1/1) D:7            Lair (5/5) D:10
 Shoals (4/4) Lair:3        Snake (4/4) Lair:3        Slime (5/5) Lair:5
    Orc (2/2) D:11            Elf (3/3) Orc:2        Vaults (5/5) D:13
  Crypt (3/3) Vaults:3       Tomb (0/3) Crypt:3      Depths (4/4) D:15
    Zot (0/5) Depths:4    Ossuary (visited)          Bailey (visited)
  IceCv (visited)         Desolation (visited)      Gauntlet (visited)

Altars:
Ashenzari
Cheibriados
Dithmenos
Elyvilon
Fedhas
Gozag
Hepliaklqana
Kikubaaqudgha
Makhleb
Nemelex Xobeh
Okawaru
Qazlal
Ru
Sif Muna
Trog
Uskayaw
Vehumet
Wu Jian
Xom
Yredelemnul
Zin
The Shining One
Beogh
Jiyva

Shops:
D:1 =   D:9 *   Orc:1 =*   Orc:2 ([=!:   Shoals:1 !*   Shoals:2 ?   Shoals:3 :
Snake:2 :[=   Snake:3 ((   Vaults:1 *   Depths:2 *   Depths:4 =::

Portals:
Hell: Depths:1 Depths:2 Depths:3 Depths:4
Abyss: Depths:1 Depths:3
Pandemonium: Depths:1 Depths:2 Depths:3
Ziggurat: Depths:1

Annotations:
D:3 1 runed translucent door
D:8 2 transporters, mooti9's ghost, journeyman MiMo
Lair:2 1 runed translucent door, Biggs's ghost, novice TrFi
Shoals:1 3 runed translucent doors, exclusion: obsidian statue, Bediveer's ghost, journeyman DrEE
Crypt:1 2 transporters, Hyrrirob's ghost, veteran GrEE
Depths:1 2 transporters Arena Royal Jelly


Innate Abilities, Weirdness & Mutations

You can wield a second weapon in your off-hand.
It takes a long time for you to wield or remove held weapons.
Your first few attacks do less damage.
You cannot equip rings or amulets.


Message History

The acid blob spits acid at you. The splash of acid misses you.
The azure jelly completely misses you. x3
The azure jelly hits you but does no damage.
The azure jelly misses you. The azure jelly completely misses you.
The azure jelly hits you.
The azure jelly hits you but does no damage.
The azure jelly hits you. The azure jelly freezes you!!
The azure jelly hits you but does no damage.
The azure jelly completely misses you. The azure jelly hits you.
The azure jelly closely misses you. The azure jelly misses you.
The azure jelly hits you.
* * * LOW HITPOINT WARNING * * *
The azure jelly completely misses you.
Casting: Blink (safe; 1% risk of failure)
Confirm with . or Enter, or press ? or * to list all spells.
You blink.
The acid blob spits acid at you. The splash of acid misses you.
The quicksilver ooze completely misses you. x2
The azure jelly closely misses you. The azure jelly misses you.
The azure jelly completely misses you. The azure jelly barely misses you.
The spectator waves excitedly.
The acid blob spits acid at you. The splash of acid hits you!
* * * LOW HITPOINT WARNING * * *
The azure jelly barely misses you. The azure jelly hits you.
* * * LOW HITPOINT WARNING * * *
The azure jelly freezes you!
* * * LOW HITPOINT WARNING * * *
The azure jelly barely misses you. The azure jelly completely misses you.
You fade into invisibility!
The acid blob hits you but does no damage.
The azure jelly hits you but does no damage.
The azure jelly hits you.
* * * LOW HITPOINT WARNING * * *
The azure jelly freezes you!!
* * * LOW HITPOINT WARNING * * *
The azure jelly completely misses you. x3; The azure jelly barely misses you.
The azure jelly completely misses you. x2; The acid blob hits you!!
You die... ########### #..p▓∩▓p..# #.▓▓▓▓▓▓▓.# #p▓JJJ@.▓p# #p▓.JJJJ▓p#

#p▓..J○.▓p#
#p▓.....▓p#
#.▓.....▓p#
#.▓▓▓▓▓▓▓.#
#..pppp...#
###########


You could see the Royal Jelly, an acid blob, 4 azure jellies and 2 quicksilver
oozes.

Vanquished Creatures
  2 dread liches
  2 ancient liches (Crypt:3)
  Mara (Shoals:4)
  Josephina (Crypt:1)
  2 caustic shrikes (Depths:2)
  Nikola (Shoals:4)
  3 golden dragons
  Norris (Vaults:1)
  2 bone dragons
  2 Tzitzimimeh (Depths:3)
  A shard shrike zombie (Crypt:2)
  6 liches
  A quicksilver dragon (Vaults:4)
  3 tentacled monstrosities
  Asterion (Elf:3)
  7 titans
  4 ancient champions
  13 acid blobs
  6 sphinxes
  4 krakens (Shoals:2)
  Polyphemus (Shoals:2)
  5 tengu reavers
  Kirke (Elf:1)
  A draconian knight (Depths:4)
  Aizul (Snake:3)
  A storm dragon (Vaults:5)
  4 azure jellies
  9 shadow dragons
  3 nagarajas
  Ilsuiw (Shoals:2)
  2 revenants (Crypt:3)
  2 rockslimes (Slime:5)
  Louise (Shoals:4)
  9 frost giants
  A caustic shrike zombie (Crypt:1)
  14 fire giants
  4 iron dragons
  A balrug (Depths:2)
  14 vault wardens
  A draconian stormcaller (Depths:4)
  An angel (Vaults:2)
  15 very ugly things
  4 ghouls
  3 imperial myrmidons (Desolation)
  3 orc warlords
  A caustic shrike skeleton (Crypt:3)
  3 curse skulls
  7 formless jellyfish
  A cacodemon (Gauntlet)
  22 ironbound preservers
  A green draconian (Depths:4)
  15 stone giants
  10 quicksilver oozes
  A juggernaut skeleton (Depths:2)
  2 black draconians (Depths:4)
  3 deep elf demonologists
  9 vampire knights
  A lorocyproca (Depths:2)
  2 deep elf annihilators
  6 ironbound thunderhulks
  A minotaur (Gauntlet)
  A red draconian (Depths:4)
  6 spark wasps
  Nessos (D:15)
  7 war gargoyles
  3 deep elf death magi
  A white draconian (Depths:4)
  2 yellow draconians (Depths:4)
  Azrael (D:14)
  2 halazid warlocks (Desolation)
  14 ettins
  14 dire elephants
  10 merfolk impalers
  4 eidola
  3 merfolk javelineers
  11 jiangshi
  6 fire dragons
  9 yaktaur captains
  8 ragged hierophants (Desolation)
  Harold (D:10)
  2 entropy weavers
  29 vault guards
  4 ice dragons
  3 deep elf high priests
  4 spriggan air magi
  3 servants of whispers (Desolation)
  7 great orbs of eyes
  A spriggan zombie (Crypt:1)
  A ghost crab (Crypt:3)
  A spriggan skeleton (Crypt:3)
  2 hydras (Lair:5)
  2 rakshasas
  4 peacekeepers
  11 ironbound frosthearts
  3 merfolk aquamancers
  12 two-headed ogres
  6 merfolk avatars
  6 catoblepae
  16 anacondas
  Erica (Lair:1)
  7 boulder beetles
  2 ogre magi
  4 satyrs
  3 alligator snapping turtles (Shoals:4)
  33 dancing weapons
  9 centaur warriors
  A sphinx skeleton (Vaults:3)
  2 sphinx zombies
  5 deep troll shamans
  10 deep troll earth magi
  8 death yaks
  13 tengu warriors
  2 spriggan berserkers
  A hell hog (Gauntlet)
  8 orc high priests
  6 vampire magi
  9 naga warriors
  10 naga sharpshooters
  2 sun demons (Depths:3)
  3 occultists (Depths:1)
  Sonja (Lair:1)
  Urug (D:13)
  Nergalle (D:11)
  A titan zombie (Crypt:1)
  8 hell knights
  12 shock serpents
  A shock serpent (shapeshifter) (Vaults:5)
  12 deep elf knights
  2 soul eaters
  2 titan skeletons (Crypt:3)
  A shadow wraith (Vaults:4)
  3 iron trolls
  6 salamander mystics
  2 skysharks (shapeshifter)
  8 skysharks
  56 deep trolls
  30 skeletal warriors
  An iron giant zombie (Crypt:3)
  2 spriggan simulacra
  4 arcanists
  5 flayed ghosts
  16 sea snakes
  5 glowing orange brains
  4 bog bodies
  An orb spider (shapeshifter) (Depths:2)
  16 orc knights
  6 lindwurms
  14 mana vipers
  5 deep elf archers
  26 ironbound convokers
  A shadow dragon zombie (Vaults:4)
  2 anaconda skeletons (Crypt:3)
  2 fenstrider witch simulacra (Crypt:1)
  5 naga ritualists
  27 deep elf pyromancers
  8 phantasmal warriors
  A tengu zombie (Depths:2)
  A golden dragon skeleton (Crypt:1)
  14 necromancers
  A shadow dragon skeleton (Crypt:2)
  26 harpies
  23 deep elf zephyrmancers
  11 cyclopes
  An iron dragon zombie (Crypt:2)
  31 ugly things
  2 wolf spiders (D:15)
  A bunyip skeleton (Crypt:2)
  3 orc sorcerers
  17 manticores
  Maurice (D:7)
  13 salamanders
  15 fauns
  A fire giant skeleton (Crypt:2)
  3 meliai (D:15)
  6 shining eyes
  A tengu skeleton (Vaults:3)
  A black mamba (shapeshifter) (D:8)
  A meliai (shapeshifter) (Depths:2)
  Joseph (D:8)
  4 human skeletons
  2 kobold blastminers (Orc:1)
  27 vault sentinels
  4 water nymphs
  37 black mambas
  2 ice statues (IceCv)
  2 molten gargoyles (Desolation)
  6 gargoyles
  7 naga magi
  2 naga zombies
  2 smoke demons
  6 cane toads
  12 merfolk sirens
  A titan simulacrum (Crypt:1)
  Jeremiah (D:8)
  A pale draconian zombie (Crypt:1)
  Maggie (D:8)
  A rust devil (Depths:2)
  3 human zombies
  9 guardian serpents
  3 unseen horrors
  An alligator snapping turtle skeleton (Crypt:2)
  2 centaur skeletons (Crypt:3)
  A cane toad (shapeshifter) (D:13)
  2 eyes of devastation
  12 komodo dragons
  A dire elephant skeleton (Crypt:1)
  22 yaktaurs
  A rime drake (Lair:5)
  4 freezing wraiths
  6 tengu conjurers
  A tormentor (Depths:3)
  6 trolls
  37 merfolk
  3 polar bears
  A catoblepas skeleton (Crypt:1)
  5 harpy zombies
  A shadow dragon simulacrum (Crypt:1)
  6 wind drakes
  A death drake zombie (Crypt:1)
  A harpy skeleton (Crypt:3)
  36 saltlings (Desolation)
  Grinder (D:3)
  A hornet (shapeshifter) (D:13)
  2 hornets
  Prince Ribbit (Lair:3)
  7 dream sheep (Shoals:3)
  13 blink frogs
  5 glass eyes
  81 slime creatures
  A stone giant simulacrum (Vaults:2)
  2 elf skeletons (Vaults:4)
  9 snapping turtles
  An air elemental (Elf:2)
  A deep troll skeleton (Vaults:2)
  8 shadows
  3 ettin skeletons
  7 wyverns
  2 wargs (Orc:2)
  12 water elementals
  58 yaks
  6 vampires
  2 wraiths
  5 fire dragon skeletons (Crypt:3)
  A hog (Elf:1)
  3 fire bats (Gauntlet)
  A steam dragon (D:7)
  3 basilisks
  5 humans (Elf:1)
  2 golden eyes (Slime:5)
  3 fire elementals
  3 death yak simulacra
  16 vampire mosquitoes
  Menkaure (Ossuary)
  A harpy simulacrum (Crypt:1)
  30 nagas
  3 neqoxecs (Gauntlet)
  A glowing shapeshifter zombie (Vaults:2)
  3 acid dragons
  An acid dragon (shapeshifter) (Vaults:5)
  12 water moccasins
  Duvessa (D:4)
  7 hell hounds
  A human simulacrum (Vaults:4)
  A naga skeleton (Crypt:3)
  42 orc warriors
  3 black bears
  2 ice beasts
  A sky beast (D:7)
  21 laughing skulls
  3 boggarts (D:15)
  20 wolves
  3 centaurs
  12 ogres
  A lindwurm skeleton (Crypt:2)
  A phantom (D:6)
  9 kobold brigands
  8 bullfrogs
  A cane toad simulacrum (IceCv)
  4 elf zombies
  A naga simulacrum (Crypt:1)
  3 earth elementals
  A scorpion (D:4)
  7 wights
  A water moccasin skeleton (Crypt:1)
  Dowan (D:4)
  13 killer bees
  3 howler monkeys (D:14)
  4 elephant simulacra (Lair:4)
  2 electric eels (Orc:1)
  2 hounds
  5 jellies
  3 bombardier beetles
  3 centaur zombies (Ossuary)
  A gnoll bouda (D:8)
  33 orc priests
  2 black bear skeletons
  6 iguanas
  14 orc wizards
  A sleepcap (D:5)
  Ijyb (D:3)
  A polar bear simulacrum (IceCv)
  2 wolf simulacra
  A crocodile zombie (Crypt:2)
  3 ogre zombies
  A crocodile skeleton (Crypt:2)
  6 mummies (Ossuary)
  Robin (D:3)
  11 gnolls
  7 adders
  7 river rats (D:5)
  A shadow imp (D:7)
  2 ufetubi (D:6)
  4 adder zombies (Ossuary)
  A dart slug (D:4)
  A ribbon worm (D:2)
  72 orcs
  7 bats
  An endoplasm (D:1)
  A gnoll zombie (Ossuary)
  22 goblins
  17 hobgoblins
  2 jackals (D:2)
  26 kobolds
  12 quokkas
  9 ball pythons
  An endoplasm zombie (Crypt:2)
  6 frilled lizards
  6 goblin zombies (Ossuary)
  3 hobgoblin zombies (Ossuary)
  A jackal skeleton (Crypt:1)
  3 kobold zombies (Ossuary)
  An orc zombie (Crypt:1)
  3 quokka zombies (Ossuary)
  14 rats
  6 rat zombies
  13 tentacles (Shoals:2)
2205 creatures vanquished.

Vanquished Creatures (others)
  A fire giant (Vaults:5)
  A deep elf knight (Elf:1)
  A hell knight (Depths:2)
  An arcanist (D:3)
  A saltling (Desolation)
  A water moccasin (shapeshifter) (Vaults:5)
  A goblin (D:3)
  29 tentacles (Shoals:2)
36 creatures vanquished.

Grand Total: 2241 creatures vanquished

Notes
Turn   | Place    | Note
-------+----------+-------------------------------------------
     0 | D:1      | hikkokomori the Coglin Hunter began the quest for the Orb.
     0 | D:1      | Reached XP level 1. HP: 16/16 MP: 1/1
    77 | D:1      | Reached skill level 1 in Stealth
   119 | D:1      | Reached XP level 2. HP: 22/22 MP: 2/2
   121 | D:1      | Found Metitoorua's Jewellery Shoppe.
   359 | D:1      | Found a faded altar of an unknown god.
   632 | D:2      | Reached XP level 3. HP: 28/28 MP: 3/3
   852 | D:2      | Reached XP level 4. HP: 29/34 MP: 4/4
  1355 | D:3      | Noticed Robin
  1363 | D:3      | Killed Robin
  1438 | D:3      | Reached XP level 5. HP: 40/40 MP: 5/5
  1455 | D:3      | Reached skill level 3 in Fighting
  1655 | D:3      | Found a bloodstained altar of Trog.
  1658 | D:3      | Noticed a wizard
  1663 | D:3      | Killed a wizard
  1727 | D:3      | Noticed a human
  1728 | D:3      | Found a runed translucent door.
  1780 | D:3      | Noticed Grinder
  1793 | D:3      | Killed Grinder
  1794 | D:3      | Reached skill level 4 in Fighting
  1794 | D:3      | Reached XP level 6. HP: 39/48 MP: 6/6
  1799 | D:3      | Noticed Ijyb
  1808 | D:3      | Killed Ijyb
  1923 | D:3      | Reached skill level 5 in Ranged Weapons
  2009 | D:3      | Found a basalt altar of Yredelemnul.
  2138 | D:3      | Reached XP level 7. HP: 54/54 MP: 7/7
  2317 | D:4      | Reached skill level 1 in Evocations
  2398 | D:4      | Found a white marble altar of Elyvilon.
  2854 | D:4      | Reached skill level 5 in Fighting
  2939 | D:4      | Reached XP level 8. HP: 59/62 MP: 8/8
  3069 | D:4      | Noticed Duvessa
  3069 | D:4      | Noticed Dowan
  3074 | D:4      | Killed Duvessa
  3074 | D:4      | Killed Dowan
  3235 | D:5      | Entered Level 5 of the Dungeon
  3262 | D:5      | Found a burning altar of Makhleb.
  3596 | D:5      | Reached skill level 5 in Evocations
  3779 | D:5      | Reached skill level 6 in Fighting
  4005 | D:5      | Noticed a yak
  4411 | D:5      | Killed a yak
  4578 | D:6      | Identified a scroll of acquirement
  4737 | D:6      | Found a sand-covered staircase.
  4748 | Ossuary  | Entered an ossuary
  4770 | Ossuary  | Reached XP level 9. HP: 69/71 MP: 9/9
  4832 | Ossuary  | Noticed Menkaure
  4840 | Ossuary  | Killed Menkaure
  5048 | Ossuary  | Reached skill level 7 in Fighting
  5754 | D:6      | Noticed a hornet
  5760 | D:6      | Paralysed by a hornet for 2 turns
  5762 | D:6      | Killed a hornet
  6246 | D:7      | Found a staircase to the Ecumenical Temple.
  6297 | Temple   | Entered the Ecumenical Temple
  6304 | Temple   | Became a worshipper of Warmaster Okawaru
  6350 | D:7      | Found a flagged portal.
  6384 | Bailey   | Entered a bailey
  6451 | Bailey   | Reached skill level 8 in Fighting
  6553 | Bailey   | Reached skill level 1 in Invocations
  6553 | Bailey   | Reached XP level 10. HP: 80/80 MP: 10/10
  6700 | Bailey   | Reached * piety under Okawaru
  6808 | Bailey   | Found an iron altar of Okawaru.
  6867 | D:7      | Noticed Maurice
  6873 | D:7      | Killed Maurice
  7534 | D:8      | Found a hide-covered altar of Uskayaw.
  7536 | D:8      | Found an opulent altar of Gozag.
  7605 | D:8      | Reached ** piety under Okawaru
  7650 | D:8      | Noticed Maggie
  7658 | D:8      | Killed Maggie
  7669 | D:8      | Found a bloodstained altar of Trog.
  7670 | D:8      | Noticed mooti9's ghost (journeyman MiMo)
  7671 | D:8      | Noticed a moth of wrath
  7671 | D:8      | Noticed a two-headed ogre
  7768 | D:8      | Found a glowing silver altar of Zin.
  7844 | D:8      | Noticed a harpy
  7844 | D:8      | Noticed a centaur warrior
  7844 | D:8      | Noticed Joseph
  7850 | D:8      | Killed a centaur warrior
  7850 | D:8      | a harpy changed into a cane toad
  7850 | D:8      | Noticed a cane toad (shapeshifter)
  7850 | D:8      | Noticed a centaur warrior
  7851 | D:8      | Reached skill level 9 in Fighting
  7851 | D:8      | Reached skill level 1 in Armour
  7851 | D:8      | Reached skill level 10 in Evocations
  7851 | D:8      | Noticed a centaur warrior
  7852 | D:8      | Noticed a cyclops
  7856 | D:8      | Killed Joseph
  7870 | D:8      | Killed a centaur warrior
  7871 | D:8      | Reached XP level 11. HP: 43/89 MP: 13/13
  7874 | D:8      | Reached *** piety under Okawaru
  7876 | D:8      | Noticed Jeremiah
  7885 | D:8      | Killed Jeremiah
  8003 | D:8      | Killed a centaur warrior
  8003 | D:8      | Noticed a cyclops
  8010 | D:8      | Killed a cyclops
  8106 | D:8      | Killed a cyclops
  8262 | D:8      | Identified the +4 long sword of Sahiufee {vamp, rPois rN+}
  8324 | D:8      | Found a transporter.
  8376 | D:8      | Reached **** piety under Okawaru
  8387 | D:8      | Found a transporter.
  8396 | D:8      | Found a shadowy altar of Dithmenos.
  8400 | D:8      | Found a blossoming altar of Fedhas.
  8907 | D:9      | Reached skill level 10 in Ranged Weapons
  8955 | D:9      | Found a snail-covered altar of Cheibriados.
  9173 | D:9      | Found Fiociudo's General Store.
  9186 | D:9      | Bought a scroll of revelation for 97 gold pieces
  9259 | D:10     | Entered Level 10 of the Dungeon
  9284 | D:10     | Found a staircase to the Lair.
  9439 | D:10     | Noticed Harold
  9457 | D:10     | Killed Harold
  9458 | D:10     | Reached skill level 5 in Armour
  9584 | D:10     | Found a sparkling altar of Nemelex Xobeh.
  9934 | D:10     | Identified the +1 dagger "Cittousofo" {vamp, ^Contam rElec
                  | Str+2 Int+3}
 10066 | D:10     | Noticed a two-headed ogre
 10075 | D:10     | Killed a two-headed ogre
 10076 | D:10     | Reached XP level 12. HP: 71/95 MP: 14/14
 10576 | Lair:1   | Entered Level 1 of the Lair of Beasts
 11058 | Lair:1   | Reached ***** piety under Okawaru
 11158 | Lair:1   | Noticed a catoblepas
 11181 | Lair:1   | Killed a catoblepas
 11181 | Lair:1   | Received a gift from Okawaru
 11399 | Lair:1   | Noticed Erica
 11405 | Lair:1   | Killed Erica
 11682 | Lair:1   | Noticed Sonja
 11685 | Lair:1   | Killed Sonja
 12098 | Lair:2   | Learned a level 3 spell: Mephitic Cloud
 12128 | Lair:2   | Learned a level 5 spell: Irradiate
 12162 | Lair:2   | Noticed a skyshark
 12177 | Lair:2   | Killed a skyshark
 12215 | Lair:2   | Received a gift from Okawaru
 12216 | Lair:2   | Reached skill level 1 in Alchemy
 12493 | Lair:2   | Found a runed translucent door.
 12493 | Lair:2   | Noticed Biggs's ghost (novice TrFi)
 13271 | Lair:3   | Reached skill level 5 in Dodging
 13394 | Lair:3   | Reached XP level 13. HP: 101/101 MP: 16/16
 13547 | Lair:3   | Found a staircase to the Snake Pit.
 13639 | Lair:3   | Noticed Prince Ribbit
 13658 | Lair:3   | Killed Prince Ribbit
 13659 | Lair:3   | Reached skill level 5 in Invocations
 14155 | Lair:3   | Found a staircase to the Shoals.
 14484 | D:11     | Noticed Nergalle
 14488 | D:11     | Killed Nergalle
 14796 | D:11     | Found a staircase to the Orcish Mines.
 14805 | Orc:1    | Entered Level 1 of the Orcish Mines
 14859 | Orc:1    | Received a gift from Okawaru
 14886 | Orc:1    | Found Beul's Jewellery Shop.
 14887 | Orc:1    | Found Aauhooxe's Alliterative Armaments.
 15795 | Orc:2    | Entered Level 2 of the Orcish Mines
 15928 | Orc:2    | Found a staircase to the Elven Halls.
 16118 | Orc:2    | Noticed an ettin
 16128 | Orc:2    | Killed an ettin
 16640 | Orc:2    | Reached skill level 5 in Alchemy
 16917 | Orc:2    | Found Xilev's Weapon Shoppe.
 16920 | Orc:2    | Found Amicw's Jewellery Shoppe.
 16921 | Orc:2    | Found Katiok's Distillery.
 16922 | Orc:2    | Found Kecu's Antique Armour Emporium.
 16931 | Orc:2    | Bought a runed helmet for 210 gold pieces
 16947 | Orc:2    | Bought 2 potions of heal wounds for 160 gold pieces
 16947 | Orc:2    | Bought a potion of enlightenment for 80 gold pieces
 16947 | Orc:2    | Bought a potion of haste for 160 gold pieces
 16947 | Orc:2    | Bought 2 potions of curing for 96 gold pieces
 17002 | Orc:2    | Found Quntir's Vocational Training.
 17058 | Orc:2    | Bought a manual of Invocations for 1280 gold pieces
 17423 | Lair:4   | Reached XP level 14. HP: 95/108 MP: 18/18
 17423 | Lair:4   | Acquired an actuated thermodynamo {rElec Regen+ RegenMP+
                  | Slay+3}
 17449 | Lair:4   | Found a frozen archway.
 17452 | Lair:4   | Reached skill level 15 in Evocations
 17455 | Lair:4   | Received a gift from Okawaru
 17883 | IceCv    | Entered an ice cave
 17909 | IceCv    | Found a transporter.
 17919 | IceCv    | Found a transporter.
 17967 | IceCv    | Identified the +4 chain mail of Vlad {Str+4 Int+4}
 18360 | Lair:4   | Reached skill level 10 in Fighting
 18823 | Lair:5   | Entered Level 5 of the Lair of Beasts
 18829 | Lair:5   | Received a gift from Okawaru
 19277 | Lair:5   | Received a gift from Okawaru
 19283 | Lair:5   | Found a staircase to the Slime Pits.
 19283 | Lair:5   | Found a viscous altar of Jiyva.
 19855 | Lair:5   | Reached skill level 11 in Fighting
 19987 | Lair:5   | Learned a level 2 spell: Blink
 20283 | D:12     | Reached XP level 15. HP: 118/118 MP: 21/21
 20298 | D:12     | Reached skill level 1 in Translocations
 20313 | D:12     | Acquired 696 gold pieces
 20315 | D:12     | Acquired a +1 hand cannon of freezing
 20366 | D:12     | Received a gift from Okawaru
 20371 | D:12     | You fall into a shaft and drop 2 floors!
 20389 | D:14     | Noticed Azrael
 20401 | D:14     | Killed Azrael
 20630 | D:13     | Identified the +4 leather armour of Wu Jian's Inspiration
                  | {*Slow rElec Str+2 Slay+2}
 20728 | D:13     | Identified the +1 chain mail of the Desolation of Salt
                  | {rCorr Str+2}
 20869 | D:13     | Noticed Urug
 20874 | D:13     | Killed Urug
 20897 | D:13     | Found a gate to the Vaults.
 21017 | D:13     | Reached skill level 10 in Invocations
 21050 | D:13     | Received a gift from Okawaru
 21095 | D:11     | Found a blossoming altar of Fedhas.
 21970 | D:13     | Received a gift from Okawaru
 22906 | D:15     | Entered Level 15 of the Dungeon
 22915 | D:15     | Reached skill level 5 in Translocations
 22975 | D:15     | Found a gate leading to a gauntlet.
 22982 | Gauntlet | Entered a Gauntlet
 22982 | Gauntlet | Found a transporter.
 22985 | Gauntlet | Found a transporter.
 23002 | Gauntlet | Found a transporter.
 23005 | Gauntlet | Found a transporter.
 23015 | Gauntlet | Found a transporter.
 23035 | Gauntlet | Found a transporter.
 23039 | Gauntlet | Found a transporter.
 23042 | Gauntlet | Found a transporter.
 23070 | Gauntlet | Found a transporter.
 23077 | Gauntlet | Noticed a cacodemon
 23090 | Gauntlet | Found a transporter.
 23100 | Gauntlet | Found a transporter.
 23127 | Gauntlet | Found the +3 pair of gauntlets of War {Slay+5}
 23133 | Gauntlet | Found a transporter.
 23207 | Gauntlet | Killed a cacodemon
 23312 | Gauntlet | Identified the +5 orcbow of the Snake Pit {freeze, +Blink
                  | rPois rF+ Int-5}
 23550 | D:15     | Identified the ring "Yxudej" {rPois rF+ rCorr Dex-2 SInv}
 23622 | D:15     | Reached XP level 16. HP: 75/125 MP: 24/24
 23680 | D:15     | Found a staircase to the Depths.
 23731 | D:15     | Received a gift from Okawaru
 23791 | D:15     | Learned a level 1 spell: Apportation
 23795 | D:15     | Learned a level 3 spell: Teleport Other
 23907 | D:15     | Noticed Nessos
 23912 | D:15     | Killed Nessos
 23913 | D:15     | Reached skill level 1 in Spellcasting
 24069 | D:15     | Learned a level 3 spell: Fugue of the Fallen
 24424 | Snake:1  | Entered Level 1 of the Snake Pit
 24469 | Snake:1  | Reached skill level 1 in Necromancy
 24567 | Snake:1  | Received a gift from Okawaru
 25419 | Snake:2  | Noticed a nagaraja
 25428 | Snake:2  | Killed a nagaraja
 25436 | Snake:2  | Learned a level 4 spell: Dimensional Bullseye
 25550 | Snake:2  | Received a gift from Okawaru
 25632 | Snake:2  | Found Wialusm's Book Boutique.
 25632 | Snake:2  | Found Bolaj's Antique Armour Shop.
 25663 | Snake:2  | Found Yxengu's Jewellery Boutique.
 25738 | Snake:2  | Reached skill level 1 in Hexes
 26154 | Snake:2  | Received a gift from Okawaru
 26197 | Snake:2  | Identified the +7 falchion of Doom {freeze, Will- Int+4}
 26390 | Snake:3  | Reached XP level 17. HP: 103/131 MP: 26/26
 26635 | Snake:3  | Identified the serpent talisman "Ybeapt" {rF+ Dex+3}
 26635 | Snake:3  | Noticed Aizul
 26647 | Snake:3  | Killed Aizul
 26648 | Snake:3  | Reached skill level 5 in Necromancy
 26719 | Snake:3  | Found Heppilon's Weapon Boutique.
 27123 | Snake:3  | Found Gegriel's Weapon Boutique.
 27391 | Snake:4  | Entered Level 4 of the Snake Pit
 27520 | Snake:4  | Received a gift from Okawaru
 27784 | Snake:4  | Found the +3 Mad Mage's Maulers {Infuse+∞ VampMP -Cast}
 27868 | Snake:4  | Reached skill level 12 in Fighting
 28246 | Snake:4  | Received a gift from Okawaru
 28379 | Snake:4  | Reached skill level 5 in Hexes
 28708 | Snake:4  | Reached skill level 5 in Spellcasting
 28710 | Snake:4  | Received a gift from Okawaru
 28867 | Snake:4  | Got a serpentine rune of Zot
 29269 | Shoals:1 | Entered Level 1 of the Shoals
 29366 | Shoals:1 | Found a runed translucent gate.
 29366 | Shoals:1 | Found a runed translucent gate.
 29366 | Shoals:1 | Found a runed translucent gate.
 29369 | Shoals:1 | Found an opulent altar of Gozag.
 29379 | Shoals:1 | Noticed Bediveer's ghost (journeyman DrEE)
 29389 | Shoals:1 | Reached XP level 18. HP: 142/142 MP: 27/27
 29394 | Shoals:1 | Found Com Fyr's Assorted Antiques.
 29396 | Shoals:1 | Found Vaucy's Distillery.
 29423 | Shoals:1 | Learned a level 3 spell: Inner Flame
 29642 | Shoals:1 | Reached skill level 13 in Fighting
 29706 | Shoals:1 | Reached ****** piety under Okawaru
 29706 | Shoals:1 | Received a gift from Okawaru
 29707 | Shoals:1 | Acquired the +6 hand cannon of Seostap {elec, Str+3}
 29707 | Shoals:1 | Received a gift from Okawaru
 29921 | Shoals:2 | Reached skill level 1 in Fire Magic
 29950 | Shoals:2 | Noticed Polyphemus
 30108 | Shoals:2 | Found Moppoyci's Magic Scroll Boutique.
 30111 | Shoals:2 | Noticed Ilsuiw
 30129 | Shoals:2 | Killed Ilsuiw
 30143 | Shoals:2 | Bought a scroll of fear for 60 gold pieces
 30143 | Shoals:2 | Bought a scroll of revelation for 112 gold pieces
 30351 | Shoals:2 | Acquired the +1 robe "Jubbibba" {rPois Regen+ Int+2}
 30351 | Shoals:2 | Received a gift from Okawaru
 30411 | Shoals:2 | Killed Polyphemus
 30411 | Shoals:2 | Received a gift from Okawaru
 31123 | Shoals:3 | Reached skill level 10 in Dodging
 31162 | Shoals:3 | Received a gift from Okawaru
 31348 | Shoals:3 | Reached skill level 14 in Fighting
 31407 | Shoals:3 | Found Yxuaw's Book Emporium.
 31622 | Shoals:4 | Entered Level 4 of the Shoals
 31687 | Shoals:4 | Noticed Nikola
 31694 | Shoals:4 | Killed Nikola
 31839 | Shoals:4 | Received a gift from Okawaru
 31851 | Shoals:4 | Reached XP level 19. HP: 135/153 MP: 28/28
 31878 | Shoals:4 | Reached skill level 10 in Armour
 31910 | Shoals:4 | Noticed Louise
 31920 | Shoals:4 | Killed Louise
 31930 | Shoals:3 | Reached skill level 1 in Throwing
 32106 | Shoals:4 | Noticed Mara
 32121 | Shoals:4 | Killed Mara
 32329 | Shoals:4 | Received a gift from Okawaru
 32453 | Shoals:4 | Got a barnacled rune of Zot
 32817 | Vaults:1 | Entered Level 1 of the Vaults
 32822 | Vaults:1 | Found Nuxzaomp's Assorted Antiques.
 32829 | Vaults:1 | Bought a wand of mindburst (5) for 273 gold pieces
 32829 | Vaults:1 | Bought a scroll of enchant weapon for 292 gold pieces
 33011 | Vaults:1 | Reached skill level 15 in Fighting
 33027 | Vaults:1 | Paralysed by a formless jellyfish for 1 turns
 33028 | Vaults:1 | Reached skill level 15 in Ranged Weapons
 33474 | Vaults:1 | Received a gift from Okawaru
 33635 | Vaults:1 | Paralysed by a formless jellyfish for 1 turns
 33863 | Vaults:1 | Reached XP level 20. HP: 154/162 MP: 29/29
 33963 | Vaults:1 | Received a gift from Okawaru
 34300 | Abyss:3  | Cast into level 3 of the Abyss (a deep elf demonologist)
 34316 | Vaults:1 | Escaped the Abyss
 34327 | Vaults:1 | Noticed Norris
 34336 | Vaults:1 | Killed Norris
 34348 | Vaults:1 | Learned a level 3 spell: Ozocubu's Armour
 34664 | Vaults:2 | Found a glowing golden altar of the Shining One.
 34848 | Vaults:2 | Received a gift from Okawaru
 35154 | Vaults:2 | Identified the +0 robe of the Evening Star {rF+ Str+3}
 35693 | Vaults:2 | Received a gift from Okawaru
 36182 | Elf:1    | Entered Level 1 of the Elven Halls
 36374 | Elf:1    | Got the Lessons on Violence
 36428 | Elf:1    | Noticed Kirke
 36431 | Elf:1    | Killed Kirke
 36448 | Elf:1    | Reached XP level 21. HP: 165/170 MP: 30/30
 36459 | Elf:1    | Received a gift from Okawaru
 37232 | Elf:2    | Reached skill level 16 in Fighting
 37328 | Elf:2    | Found a shimmering blue altar of Sif Muna.
 37532 | Elf:2    | Found a runed translucent gate.
 37532 | Elf:2    | Found a runed translucent gate.
 37532 | Elf:2    | Found a runed translucent gate.
 37721 | Elf:2    | Received a gift from Okawaru
 38030 | Elf:3    | Entered Level 3 of the Elven Halls
 38032 | Elf:3    | Noticed Asterion
 38038 | Elf:3    | Killed Asterion
 38292 | Vaults:3 | Found a crumbling gateway.
 38299 | Desolati | Entered the Desolation of Salt
 38627 | Desolati | Got the Book of Feathers
 38630 | Desolati | Identified the ring of Qionwiz {Will++ Dex+6}
 38635 | Desolati | Learned a level 3 spell: Swiftness
 38739 | Desolati | Identified the +4 dagger of Toatt {holy, rF+}
 38743 | Desolati | Reached skill level 1 in Air Magic
 38744 | Desolati | Got the Atlas of the Bitter Band
 38753 | Desolati | Identified the +7 great sword "Vorya" {venom, rElec rF+
                  | rCorr Str+2}
 38754 | Desolati | Identified the amulet of Jyirgh {Rampage rF++ Regen+ Int-4
                  | Dex+3}
 38757 | Desolati | Found the +13 scythe of Curses {drain, curses, ^Drain}
 38760 | Desolati | Identified the +7 orcbow "Sipsusch" {freeze, rF+ Str+2
                  | Dex+2}
 38781 | Desolati | Received a gift from Okawaru
 38910 | Desolati | Identified the amulet "Bumiod" {Acrobat Rampage rF+ Str+3}
 38928 | Desolati | Got Boasa's Parchment of Malediction and the Syncline
 38936 | Desolati | Got the Elucidation of the Liminal Faeries
 38946 | Desolati | Got the Octavo of the Bitter Vertex
 39167 | Vaults:3 | Reached skill level 17 in Fighting
 39269 | Vaults:3 | Paralysed by a sphinx for 4 turns
 39363 | Vaults:3 | Reached XP level 22. HP: 181/181 MP: 31/31
 39618 | Vaults:3 | Received a gift from Okawaru
 39931 | Vaults:3 | Reached skill level 5 in Air Magic
 40163 | Vaults:3 | Found a staircase to the Crypt.
 40163 | Vaults:3 | Found a basalt altar of Yredelemnul.
 40164 | Vaults:3 | Found an ancient bone altar of Kikubaaqudgha.
 40250 | Vaults:4 | Received a gift from Okawaru
 40497 | Vaults:4 | Reached skill level 18 in Fighting
 40759 | Vaults:4 | Found a roughly hewn altar of Beogh.
 40778 | Vaults:4 | Received a gift from Okawaru
 41438 | Vaults:5 | Entered Level 5 of the Vaults
 41443 | Vaults:5 | Reached skill level 15 in Dodging
 41445 | Arena    | Entered the Arena
 41550 | Vaults:5 | Noticed a dread lich
 41646 | Vaults:4 | Killed a dread lich
 41649 | Vaults:4 | Received a gift from Okawaru
 41656 | Vaults:4 | Reached XP level 23. HP: 153/192 MP: 32/32
 42205 | Depths:1 | Entered Level 1 of the Depths
 42215 | Depths:1 | Reached skill level 19 in Fighting
 42333 | Depths:1 | Found a one-way gateway to a ziggurat.
 42437 | Depths:1 | Found a gateway to Hell.
 42492 | Depths:1 | Found a one-way gate leading to the halls of Pandemonium.
 42616 | Depths:1 | Received a gift from Okawaru
 42719 | Depths:1 | Found a transporter.
 42830 | Depths:1 | Found a one-way gate to the infinite horrors of the Abyss.
 42920 | Depths:1 | Found a transporter.
 43557 | Depths:2 | Received a gift from Okawaru
 43742 | Depths:2 | Noticed a caustic shrike
 43743 | Depths:2 | Noticed a golden dragon
 43748 | Depths:2 | Killed a caustic shrike
 43751 | Depths:2 | Killed a golden dragon
 43754 | Depths:2 | Reached skill level 1 in Ice Magic
 43965 | Depths:2 | Identified the ring of Fragile Peace {Fly rCorr Dex+3}
 44266 | Depths:2 | Noticed a caustic shrike
 44268 | Depths:2 | Noticed a golden dragon
 44274 | Depths:2 | Killed a caustic shrike
 44279 | Depths:2 | Killed a golden dragon
 44570 | Depths:2 | Found Uvusih's General Store.
 45124 | Depths:3 | Received a gift from Okawaru
 45144 | Depths:3 | Reached XP level 24. HP: 105/203 MP: 33/33
 45707 | Depths:3 | Reached skill level 20 in Fighting
 45772 | Depths:4 | Entered Level 4 of the Depths
 46141 | Depths:4 | Received a gift from Okawaru
 46425 | Depths:4 | Found a gate to the Realm of Zot.
 46702 | Depths:4 | Received a gift from Okawaru
 46739 | Depths:4 | Found Riruseo's Jewellery Shoppe.
 46739 | Depths:4 | Found Cupna's Book Shop.
 46740 | Depths:4 | Found Xupugh's Book Shop.
 47224 | Crypt:1  | Entered Level 1 of the Crypt
 47351 | Crypt:1  | Noticed Hyrrirob's ghost (veteran GrEE)
 47413 | Crypt:1  | Identified the ring "Uzuwk" {Ice rPois rN+ Str+3}
 47413 | Crypt:1  | Noticed Josephina
 47427 | Crypt:1  | Killed Josephina
 47673 | Crypt:1  | Received a gift from Okawaru
 47756 | Crypt:1  | Identified the +10 short sword "Paecuvin" {spect, *Rage rC+
                  | Str+7}
 47816 | Crypt:1  | Found a transporter.
 47900 | Crypt:1  | Found a transporter.
 48408 | Crypt:2  | Reached XP level 25. HP: 212/212 MP: 36/36
 48865 | Crypt:3  | Entered Level 3 of the Crypt
 48986 | Crypt:3  | Received a gift from Okawaru
 49088 | Crypt:3  | Identified the +1 rapier of the Tomato {venom, +Blink
                  | rElec}
 49211 | Crypt:3  | Reached skill level 21 in Fighting
 49231 | Crypt:3  | Paralysed by a vampire knight for 5 turns
 49242 | Crypt:3  | Paralysed by a vampire knight for 3 turns
 49643 | Crypt:3  | Identified the +3 scale mail of Prudence {rCorr Int+3}
 49890 | Crypt:3  | Found a staircase to the Tomb.
 49905 | Crypt:3  | Received a gift from Okawaru
 49908 | Crypt:3  | Noticed an ancient lich
 49915 | Crypt:3  | Learned a level 6 spell: Dispersal
 49919 | Crypt:3  | Killed an ancient lich
 49945 | Crypt:3  | Identified the ring of Xogef {*Corrode Fly rC+ Str+6 Int+4}
 50068 | Crypt:3  | Noticed an ancient lich
 50077 | Crypt:3  | Killed an ancient lich
 50763 | Vaults:5 | Noticed a dread lich
 50766 | Vaults:5 | Paralysed by a dread lich for 3 turns
 50877 | Vaults:5 | Identified the +0 lajatang of Accidental Termination {vamp,
                  | ^Drain +Blink Stlth+}
 50931 | Vaults:5 | Killed a dread lich
 50935 | Vaults:5 | Identified the amulet "Jisimet" {Reflect rC++ Dex-3 SH+5}
 50943 | Vaults:5 | Received a gift from Okawaru
 51025 | Vaults:5 | Received a gift from Okawaru
 51117 | Vaults:5 | Found the +8 arc blade {discharge, rElec}
 51311 | Vaults:5 | Identified the +0 ring mail of Vehumet's Favour {rF+ rC+}
 51419 | Vaults:5 | Paralysed by a sphinx for 4 turns
 51424 | Vaults:5 | Reached XP level 26. HP: 212/224 MP: 36/36
 51768 | Vaults:5 | Got a silver rune of Zot
 51815 | Vaults:5 | Identified the +7 dagger "Ogreslayer" {protect, rCorr Str+3
                  | SInv}
 51817 | Vaults:5 | Got The Keys to Magic
 51820 | Vaults:5 | Identified the +0 great sword of Teffausk {freeze, rF-
                  | rN+++ Str+5 Int-5}
 51823 | Vaults:5 | Identified the +3 fire dragon scales "Tabing" {rPois rF++
                  | rC-}
 52124 | Slime:1  | Entered Level 1 of the Pits of Slime
 52677 | Slime:5  | Entered Level 5 of the Pits of Slime
 52686 | Slime:5  | Paralysed by a formless jellyfish for 1 turns
 52896 | Slime:5  | Reached skill level 22 in Fighting
 52962 | Slime:5  | Received a gift from Okawaru
 53250 | Slime:5  | Noticed the Royal Jelly
 53342 | Arena    | Entered the Arena
 53352 | Arena    | HP: 5/224 [azure jelly[the Royal Jelly] (27)]
 53352 | Arena    | Demolished by an acid blob

Illustrated notes

Levels and vault maps discovered:
D:1:      minmay_arrival_nine_rooms, layout_loops_cross, serial_shops, shop,
          shapermc_ecumenical_altar_pompeii, st_stairs_14, minmay_domino_4
D:2:      layout_rooms
D:3:      kennysheep_the_goblin_king, layout_basic, dk_yredelemnul_ordeal,
          trog_wizard, uniq_grinder, uniq_robin
D:4:      layout_gridville, mainiacjoe_overflow_catwalk, uniq_duvessa
D:5:      lemuel_ratsnest, layout_cave_pods, mainiacjoe_overflow_boulevard
D:6:      layout_loops_ring, enter_ossuary_4
D:7:      layout_basic, minmay_temple_entry_glassed_door, enter_bailey_4,
          eino_jars, uniq_maurice
D:8:      layout_basic, nicolae_overflow_hidden_temple, old_standard_altar,
          gammafunk_ghost_wrathful_warriors, minmay_evil_grid, uniq_jeremiah,
          uniq_joseph, uniq_maggie
D:9:      layout_rooms, slow_altar_2, serial_shops,
          nicolae_shop_window_shopping, kennysheep_generic_room_11
D:10:     layout_gridville, mainiacjoe_overflow_paths, dpeg_oklobed_lair,
          uniq_harold
D:11:     layout_loops_ring, orc_0_dummy, fedhas_altar_3, uniq_nergalle
D:12:     layout_rooms, hangedman_aviary
D:13:     layout_stronghold, skrybe_vaults_entry_preservation, serial_glass,
          glass_columns_a, glass_columns_a, uniq_urug
D:14:     layout_loops_ring, uniq_azrael
D:15:     hellmonk_depths_entry_around_the_bend, layout_loops_ring,
          palyth_stone_intersect, gauntlet_entry_generic, uniq_nessos
Temple:   minmay_freezing_vapour_temple
Lair:1:   layout_regular_city, serial_forest, infiniplex_forest_end_2,
          infiniplex_forest_corner_1, infiniplex_forest_zigzag_1,
          infiniplex_forest_clump_tiny, infiniplex_forest_corner_1,
          infiniplex_forest_join, infiniplex_forest_end_2, grunt_megastairs_2,
          uniq_erica, uniq_sonja
Lair:2:   layout_cave_pods, hellmonk_ghost_happy_afterlife,
          infiniplex_staircase_pool
Lair:3:   layout_chaotic_city, elwin_shoals_entry_rooms,
          nicolae_snake_entry_squirm, wad_woods_road_03, uniq_prince_ribbit2
Lair:4:   layout_loops_ring, portal_ice_cave_entry_ice_simulacra,
          chequers_serial_rivers_large_a
Lair:5:   evilmike_catoblepas_cave, layout_hall_layers, slime_entry_1,
          grunt_megastairs_4, infiniplex_staircase_pool_2
Shoals:1: layout_shoals, serial_shops, shop, ebering_ghost_gozag
Shoals:2: layout_shoals, serial_shops, nicolae_shop_getting_attention,
          nicolae_shoals_kraken_party, uniq_ilsuiw, uniq_polyphemus
Shoals:3: layout_shoals, serial_shops, nicolae_shop_tiny_statue_garden
Shoals:4: shoals_end_grunt_ice, layout_shoals, uniq_nikola, uniq_louise,
          uniq_mara
Snake:1:  layout_honeycomb
Snake:2:  layout_cave_pods, minmay_shop_star, grunt_megastairs_5
Snake:3:  layout_gridlike, serial_shops, nicolae_shop_mannequins,
          nicolae_shop_bloodbath_and_beyond, nicolae_triple_integral,
          serial_bayou_shore_b, uniq_aizul
Snake:4:  snake_pit_salamanders_mu, layout_cave_town, nicolae_letterblocks
          [nicolae_letter_subblock, nicolae_letter_subblock,
          nicolae_letter_subblock, nicolae_letter_subblock,
          nicolae_letter_subblock, nicolae_letter_subblock,
          nicolae_letter_subblock, nicolae_letter_subblock,
          nicolae_letter_subblock, nicolae_letter_subblock,
          nicolae_letter_subblock, nicolae_letter_subblock,
          nicolae_letter_subblock, nicolae_letter_subblock,
          nicolae_letter_subblock, nicolae_letter_subblock,
          nicolae_letter_subblock, nicolae_letter_subblock,
          nicolae_letter_subblock, nicolae_letter_subblock,
          nicolae_letter_subblock, nicolae_letter_subblock,
          nicolae_letter_subblock, nicolae_letter_subblock,
          nicolae_letter_subblock]
Slime:1:  layout_caves
Slime:2:  layout_caves
Slime:3:  layout_caves
Slime:4:  layout_caves
Slime:5:  slime_pit_nicolae_royal_road_to_ruin
Orc:1:    lemuel_ogre_cave, layout_diamond_mine, serial_shops, shop,
          nicolae_orc_bridge_out, monkooky_shop_alliterative
Orc:2:    st_orc_pillars, layout_diamond_mine, nicolae_shop_vocational
Elf:1:    eino_elf_arrival_customs, layout_onion_city, minmay_elf_annihilation,
          serial_sigils_hangedman_gut, uniq_kirke
Elf:2:    elven_hall_of_blades_hangedman_original
          [nicolae_blade_entry_hurt_lockers], layout_geoelf_octagon,
          serial_library_hellmonk_statue_hall, drop_trap
Elf:3:    minmay_elf_hall_not_hex, layout_geoelf_octagon, uniq_asterion
Vaults:1: nicolae_vaults_turnstiles, vaults_mumra_minichess,
          nicolae_vaults_good_morning_starshine, nicolae_vaults_double_plus_2,
          nicolae_vaults_network_star, vaults_room_ringed_pool,
          nicolae_vaults_tetromino_T_1, vaults_mumra_minichess_inversion,
          v_misc_8, nicolae_vaults_bisected_slash, ontoclasm_vaults_eye,
          nicolae_vaults_closet_pinwheel_5, ontoclasm_vaults_pinch,
          layout_vaults_omnibox, serial_shops, shop, uniq_norris
Vaults:2: nicolae_vaults_variable_pillar_hall_cross, v_rooms_4,
          grunt_vaults_focal, lemuel_angel_altar,
          nicolae_vaults_closet_pinwheel_3, v_alt_pattern_3,
          nicolae_vaults_steering_wheel, nicolae_vaults_storage_closets_1,
          nicolae_vaults_network_quincunx
          [nicolae_vaults_network_quincunx_subvault,
          nicolae_vaults_network_quincunx_subvault,
          nicolae_vaults_network_quincunx_subvault,
          nicolae_vaults_network_quincunx_subvault,
          nicolae_vaults_network_quincunx_subvault], minmay_orc_keep,
          grunt_vaults_hallway_short, nicolae_vaults_double_plus_2,
          layout_vaults_big_cross
Vaults:3: portal_desolation_entry_nicolae_slug,
          nicolae_vaults_trapezoid_lopsided_3, nicolae_vaults_wine_cellar,
          nicolae_vaults_little_squares_4, hangedman_vaults_variations,
          dpeg_vaults_waves, v_rooms_3, nicolae_vaults_little_squares_4,
          nicolae_vaults_storage_closets_3, v_misc_33,
          minmay_crypt_entry_necro_gods, layout_vaults_ring
Vaults:4: ontoclasm_vaults_shuriken, nicolae_vaults_shrinking_rooms_1,
          nicolae_vaults_closet_pinwheel_5, nicolae_vaults_heart-shaped_vault,
          special_room_vaults [special_room_orc], layout_vaults_omnigrid
Vaults:5
Crypt:1:  layout_misc_corridors, gammafunk_ghost_arena, uniq_josephina
Crypt:2:  layout_chaotic_city, lemuel_upstairs_altar
Crypt:3:  quadcrypt_mu
Depths:1: layout_roguey, enter_ziggurat_f, grunt_pan_entry_zigzag, hell_entry,
          hangedman_abyss_or_decor_passed,
          nicolae_abyss_entry_one_way_or_another, nicolae_diode_stairs
Depths:2: little_maze_vault, layout_cave_pools, rand_demon_pan_entry_9,
          serial_shops, nicolae_shop_behind_doors, hell_entry,
          minmay_staircase_bubble
Depths:3: cheibrodos_tormentor_scu, layout_cave_pools, rand_demon_pan_entry_7,
          patterned_corridor, hell_entry, abyss_entry,
          chequers_serial_rivers_micro_e, infiniplex_staircase_pool_lava
Depths:4: grunt_crosshair, layout_gridlike, minmay_misc_feat_rows, hell_entry,
          minmay_shop_grove, serial_bayou_shore_b
Arena

Skill      XL: |  1  2  3  4  5  6  7  8  9 10 11 12 13 14 15 16 17 18 19 20 21 22 23 24 25 26 |
---------------+-------------------------------------------------------------------------------+-----
Stealth        | 1 2 3 |  3.0
Dodging        | 2 3 5 6 8 9 10 11 13 15 16 17 18 | 18.9
Ranged Weapons | 4 5 6 8 9 10 11 12 13 14 16 18 19 20 21 | 21.0
Fighting       | 4 5 6 8 9 11 12 14 15 17 18 19 20 21 22 | 22.0
Evocations     | 3 6 8 10 12 13 14 16 17 18 20 | 20.1
Invocations    | 1 3 4 6 9 11 13 | 13.0
Armour         | 2 5 7 8 9 10 | 10.0
Alchemy        | 2 5 |  5.0
Translocations | 5 6 8 9 |  9.7
Spellcasting   | 4 5 7 9 |  9.1
Necromancy     | 4 5 |  5.0
Hexes          | 2 6 7 |  7.0
Fire Magic     | 2 |  2.0
Throwing       | 4 |  4.0
Air Magic      | 3 5 |  5.0
Ice Magic      | 2 |  2.0

Action                     |  1- 3 |  4- 6 |  7- 9 | 10-12 | 13-15 | 16-18 | 19-21 | 22-24 | 25-27 || total
---------------------------+-------+-------+-------+-------+-------+-------+-------+-------+-------++-------
   Fire: Sling             |   116 |   252 |   840 |  1216 |  2528 |   847 |   501 |       |       ||  6300
         Hand cannon       |       |       |       |       |    54 |   847 |  1419 |  2096 |  1124 ||  5540
   Cast: Fugue of the Fall |       |       |       |       |       |     7 |     6 |     5 |     6 ||    24
         Blink             |       |       |       |       |       |     1 |     6 |     6 |     4 ||    17
         Inner Flame       |       |       |       |       |       |       |       |     5 |       ||     5
         Ozocubu's Armour  |       |       |       |       |       |       |       |     1 |       ||     1
         Swiftness         |       |       |       |       |       |       |       |       |     1 ||     1
 Invoke: Heroism           |       |       |       |     8 |    21 |    12 |     6 |     6 |     6 ||    59
         Finesse           |       |       |       |       |     1 |       |     5 |     2 |     4 ||    12
         Receive Weapon    |       |       |       |       |       |     1 |       |       |       ||     1
         Receive Armour    |       |       |       |       |       |     1 |       |       |       ||     1
         Duel              |       |       |       |       |       |       |       |     1 |     1 ||     2
Ability: Invent Gizmo      |       |       |       |       |     1 |       |       |       |       ||     1
  Evoke: Wand              |       |       |     7 |    27 |    26 |    12 |    11 |     7 |     1 ||    91
         Tin of tremorston |       |       |       |       |       |     5 |     1 |       |     2 ||     8
         Phial of floods   |       |       |       |       |       |     1 |     1 |       |       ||     2
         Lightning rod     |       |       |       |       |       |     4 |       |     3 |       ||     7
    Use: Potion            |       |     3 |     1 |     3 |     2 |     6 |    10 |     5 |     5 ||    35
         Scroll            |       |     3 |     9 |    12 |    11 |     7 |    11 |     6 |     6 ||    65
 Armour: Leather armour    |    23 |    36 |    87 |       |    66 |   260 |   191 |   287 |   194 ||  1144
         Steam dragon scal |       |       |     1 |    31 |       |       |       |       |       ||    32
         Swamp dragon scal |       |       |       |   268 |   316 |       |       |       |       ||   584
  Dodge: Dodged            |    13 |    15 |    77 |   204 |   394 |   200 |   292 |   409 |   412 ||  2016
         Repelled          |       |       |       |       |       |    13 |    51 |    40 |    31 ||   135

Table legend: (Time is in decaauts)
 A = Elapsed time spent in this place.
 B = Non-inter-level travel time spent in this place.
 C = Inter-level travel time spent in this place.
 D = Time resting spent in this place.
 E = Time spent auto-exploring this place.
 F = Levels seen in this place.
 G = Mean time per level.
                   A        B        C        D        E       F      G
               +--------+--------+--------+--------+--------+-----+--------+
         Total |  53623 |  49665 |   3958 |   5184 |  33073 |  59 |  908.9 |
       Dungeon |  14357 |  13032 |   1325 |   1067 |   9254 |  15 |  957.1 |
        Temple |     12 |     12 |      0 |      0 |      0 |   1 |   12.0 |
          Lair |   6588 |   5825 |    763 |    558 |   4111 |   5 | 1317.6 |
        Shoals |   3626 |   3436 |    190 |    139 |   2317 |   4 |  906.5 |
     Snake Pit |   4674 |   4347 |    327 |    426 |   3089 |   4 | 1168.5 |
    Slime Pits |   1171 |   1157 |     14 |    456 |    394 |   5 |  234.2 |
  Orcish Mines |   2732 |   2427 |    305 |    462 |   1332 |   2 | 1366.0 |
   Elven Halls |   1933 |   1805 |    128 |      0 |   1420 |   3 |  644.3 |
        Vaults |   8032 |   7386 |    646 |    950 |   4675 |   5 | 1606.4 |
         Crypt |   3172 |   3094 |     78 |      1 |   2456 |   3 | 1057.3 |
        Depths |   4844 |   4666 |    178 |    597 |   3204 |   4 | 1211.0 |
         Abyss |     16 |     16 |      0 |      0 |      0 |   1 |   16.0 |
       Ossuary |    573 |    573 |      0 |    138 |    256 |   1 |  573.0 |
        Bailey |    470 |    470 |      0 |    262 |     52 |   1 |  470.0 |
      Ice Cave |     69 |     69 |      0 |      0 |      0 |   1 |   69.0 |
    Desolation |    822 |    822 |      0 |    117 |    302 |   1 |  822.0 |
      Gauntlet |    495 |    495 |      0 |      8 |    209 |   1 |  495.0 |
         Arena |     30 |     30 |      0 |      0 |      0 |   2 |   15.0 |
               +--------+--------+--------+--------+--------+-----+--------+

Top non-repeatable levels by time:
Vaults:4: 2265 daAuts
Vaults:1: 2079 daAuts
 Snake:4: 1644 daAuts
  Lair:3: 1639 daAuts
   Orc:2: 1636 daAuts
Depths:2: 1540 daAuts
 Crypt:3: 1520 daAuts
  Lair:1: 1519 daAuts
    D:10: 1505 daAuts
Vaults:2: 1396 daAuts
     D:5: 1351 daAuts
Vaults:3: 1288 daAuts
  Lair:5: 1237 daAuts
Depths:1: 1216 daAuts
Depths:4: 1180 daAuts
